Workbook

Sheet Instructions
A1: Instructions
A2: Do not edit the summary sheet - Data from the standards tabs will automatically pull through
A3: There is a sheet for each standard, listing each Knowledge, Skill, and Behaviour (KSB). Data entered in these tabs will pull through to the summary sheet, where you can view how many KSBs are covered in each standard (both as a number and percentage).
A4: 1. Please state which LO(s) (Learning Objective) meets each KSB in colum 'C'
A5: 2. Please state whether the KSB is met (full, partial, not covered) using the drop down menu only
A6: All '0's mean that the field has not yet been completed
A7: You will be able to filter each column using the preset filters at the top.
A8: Please do not change the formatting - contact Post16Level2and3.DELIVERY@education.gov.uk if you have any issues

Sheet DO NOT POPULATE - Summary
B1: Baker - Craft, Plant, Retail | E1: Commis Chef | H1: Production Chef | K1: Food and Beverage Team Member | N1: Hospitality Accomodation Team Member
A2: ='Baker - Craft, Plant, Retail'!B3 -> K1 | B2: =VLOOKUP(A2,'Baker - Craft, Plant, Retail'!$B$3:$E$67,4,FALSE) -> Not Covered | C2: =VLOOKUP(A2,'Baker - Craft, Plant, Retail'!$B$3:$G$67,6,FALSE) -> 0 | D2: ='Commis Chef'!A3 -> K1 | E2: =VLOOKUP(D2,'Commis Chef'!$A$3:$D$82,4,FALSE) -> 0 | F2: =VLOOKUP(D2,'Commis Chef'!$A$3:$F$82,6,FALSE) -> 0 | G2: ='Production Chef'!A3 -> K1 | H2: =VLOOKUP(G2,'Production Chef'!$A$3:$D$59,4,FALSE) -> Not Covered | I2: =VLOOKUP(G2,'Production Chef'!$A$3:$F$59,6,FALSE) -> 0 | J2: ='Food and Beverage Team Member'!A3 -> K1 | K2: =VLOOKUP(J2,'Food and Beverage Team Member'!$A$3:$D$54,4,FALSE) -> Not Covered | L2: =VLOOKUP(J2,'Food and Beverage Team Member'!$A$3:$F$54,6,FALSE) -> 0 | M2: ='Hospitality Acc Team Member'!A3 -> K1 | N2: =VLOOKUP(M2,'Hospitality Acc Team Member'!$A$3:$D$61,4,FALSE) -> Full | O2: =VLOOKUP(M2,'Hospitality Acc Team Member'!$A$3:$F$61,6,FALSE) -> 0 | Q2: Standards / Status | R2: Full | S2: Partial | T2: Not Covered | U2: 0 | V2: Total
A3: ='Baker - Craft, Plant, Retail'!B4 -> K2 | B3: =VLOOKUP(A3,'Baker - Craft, Plant, Retail'!$B$3:$E$67,4,FALSE) -> Not Covered | C3: =VLOOKUP(A3,'Baker - Craft, Plant, Retail'!$B$3:$G$67,6,FALSE) -> 0 | D3: ='Commis Chef'!A4 -> K2 | E3: =VLOOKUP(D3,'Commis Chef'!$A$3:$D$82,4,FALSE) -> 0 | F3: =VLOOKUP(D3,'Commis Chef'!$A$3:$F$82,6,FALSE) -> 0 | G3: ='Production Chef'!A4 -> K2 | H3: =VLOOKUP(G3,'Production Chef'!$A$3:$D$59,4,FALSE) -> Not Covered | I3: =VLOOKUP(G3,'Production Chef'!$A$3:$F$59,6,FALSE) -> 0 | J3: ='Food and Beverage Team Member'!A4 -> K2 | K3: =VLOOKUP(J3,'Food and Beverage Team Member'!$A$3:$D$54,4,FALSE) -> Partial | L3: =VLOOKUP(J3,'Food and Beverage Team Member'!$A$3:$F$54,6,FALSE) -> 0 | M3: ='Hospitality Acc Team Member'!A4 -> K2 | N3: =VLOOKUP(M3,'Hospitality Acc Team Member'!$A$3:$D$61,4,FALSE) -> Not Covered | O3: =VLOOKUP(M3,'Hospitality Acc Team Member'!$A$3:$F$61,6,FALSE) -> 0 | Q3: =B1 -> Baker - Craft, Plant, Retail | R3: =COUNTIF($B:$C,R$2) -> 22 | S3: =COUNTIF($B:$C,S$2) -> 12 | T3: =COUNTIF($B:$C,T$2) -> 36 | U3: =COUNTIF($B:$C,U$2) -> 60 | V3: =SUM(R3:U3) -> 130
A4: ='Baker - Craft, Plant, Retail'!B5 -> K3 | B4: =VLOOKUP(A4,'Baker - Craft, Plant, Retail'!$B$3:$E$67,4,FALSE) -> Not Covered | C4: =VLOOKUP(A4,'Baker - Craft, Plant, Retail'!$B$3:$G$67,6,FALSE) -> 0 | D4: ='Commis Chef'!A5 -> K3 | E4: =VLOOKUP(D4,'Commis Chef'!$A$3:$D$82,4,FALSE) -> Full | F4: =VLOOKUP(D4,'Commis Chef'!$A$3:$F$82,6,FALSE) -> 0 | G4: ='Production Chef'!A5 -> K3 | H4: =VLOOKUP(G4,'Production Chef'!$A$3:$D$59,4,FALSE) -> Full | I4: =VLOOKUP(G4,'Production Chef'!$A$3:$F$59,6,FALSE) -> 0 | J4: ='Food and Beverage Team Member'!A5 -> K3 | K4: =VLOOKUP(J4,'Food and Beverage Team Member'!$A$3:$D$54,4,FALSE) -> Not Covered | L4: =VLOOKUP(J4,'Food and Beverage Team Member'!$A$3:$F$54,6,FALSE) -> 0 | M4: ='Hospitality Acc Team Member'!A5 -> K3 | N4: =VLOOKUP(M4,'Hospitality Acc Team Member'!$A$3:$D$61,4,FALSE) -> Partial | O4: =VLOOKUP(M4,'Hospitality Acc Team Member'!$A$3:$F$61,6,FALSE) -> Full | Q4: =E1 -> Commis Chef | R4: =COUNTIF($E:$F,R$2) -> 31 | S4: =COUNTIF($E:$F,S$2) -> 18 | T4: =COUNTIF($E:$F,T$2) -> 2 | U4: =COUNTIF($E:$F,U$2) -> 109 | V4: =SUM(R4:U4) -> 160
A5: ='Baker - Craft, Plant, Retail'!B6 -> K4 | B5: =VLOOKUP(A5,'Baker - Craft, Plant, Retail'!$B$3:$E$67,4,FALSE) -> Partial | C5: =VLOOKUP(A5,'Baker - Craft, Plant, Retail'!$B$3:$G$67,6,FALSE) -> 0 | D5: ='Commis Chef'!A6 -> K4 | E5: =VLOOKUP(D5,'Commis Chef'!$A$3:$D$82,4,FALSE) -> 0 | F5: =VLOOKUP(D5,'Commis Chef'!$A$3:$F$82,6,FALSE) -> 0 | G5: ='Production Chef'!A6 -> K4 | H5: =VLOOKUP(G5,'Production Chef'!$A$3:$D$59,4,FALSE) -> Partial | I5: =VLOOKUP(G5,'Production Chef'!$A$3:$F$59,6,FALSE) -> 0 | J5: ='Food and Beverage Team Member'!A6 -> K4 | K5: =VLOOKUP(J5,'Food and Beverage Team Member'!$A$3:$D$54,4,FALSE) -> Full | L5: =VLOOKUP(J5,'Food and Beverage Team Member'!$A$3:$F$54,6,FALSE) -> Full | M5: ='Hospitality Acc Team Member'!A6 -> K4 | N5: =VLOOKUP(M5,'Hospitality Acc Team Member'!$A$3:$D$61,4,FALSE) -> Full | O5: =VLOOKUP(M5,'Hospitality Acc Team Member'!$A$3:$F$61,6,FALSE) -> 0 | Q5: =H1 -> Production Chef | R5: =COUNTIF($H:$I,R$2) -> 30 | S5: =COUNTIF($H:$I,S$2) -> 9 | T5: =COUNTIF($H:$I,T$2) -> 22 | U5: =COUNTIF($H:$I,U$2) -> 53 | V5: =SUM(R5:U5) -> 114
A6: ='Baker - Craft, Plant, Retail'!B7 -> K5 | B6: =VLOOKUP(A6,'Baker - Craft, Plant, Retail'!$B$3:$E$67,4,FALSE) -> Partial | C6: =VLOOKUP(A6,'Baker - Craft, Plant, Retail'!$B$3:$G$67,6,FALSE) -> 0 | D6: ='Commis Chef'!A7 -> K5 | E6: =VLOOKUP(D6,'Commis Chef'!$A$3:$D$82,4,FALSE) -> Partial | F6: =VLOOKUP(D6,'Commis Chef'!$A$3:$F$82,6,FALSE) -> 0 | G6: ='Production Chef'!A7 -> K5 | H6: =VLOOKUP(G6,'Production Chef'!$A$3:$D$59,4,FALSE) -> Not Covered | I6: =VLOOKUP(G6,'Production Chef'!$A$3:$F$59,6,FALSE) -> 0 | J6: ='Food and Beverage Team Member'!A7 -> K5 | K6: =VLOOKUP(J6,'Food and Beverage Team Member'!$A$3:$D$54,4,FALSE) -> Full | L6: =VLOOKUP(J6,'Food and Beverage Team Member'!$A$3:$F$54,6,FALSE) -> 0 | M6: ='Hospitality Acc Team Member'!A7 -> K5 | N6: =VLOOKUP(M6,'Hospitality Acc Team Member'!$A$3:$D$61,4,FALSE) -> Partial | O6: =VLOOKUP(M6,'Hospitality Acc Team Member'!$A$3:$F$61,6,FALSE) -> 0 | Q6: =K1 -> Food and Beverage Team Member | R6: =COUNTIF($K:$L,R$2) -> 37 | S6: =COUNTIF($K:$L,S$2) -> 7 | T6: =COUNTIF($K:$L,T$2) -> 15 | U6: =COUNTIF($K:$L,U$2) -> 45 | V6: =SUM(R6:U6) -> 104
A7: ='Baker - Craft, Plant, Retail'!B8 -> K6 | B7: =VLOOKUP(A7,'Baker - Craft, Plant, Retail'!$B$3:$E$67,4,FALSE) -> Not Covered | C7: =VLOOKUP(A7,'Baker - Craft, Plant, Retail'!$B$3:$G$67,6,FALSE) -> 0 | D7: ='Commis Chef'!A8 -> K6 | E7: =VLOOKUP(D7,'Commis Chef'!$A$3:$D$82,4,FALSE) -> 0 | F7: =VLOOKUP(D7,'Commis Chef'!$A$3:$F$82,6,FALSE) -> 0 | G7: ='Production Chef'!A8 -> K6 | H7: =VLOOKUP(G7,'Production Chef'!$A$3:$D$59,4,FALSE) -> Not Covered | I7: =VLOOKUP(G7,'Production Chef'!$A$3:$F$59,6,FALSE) -> 0 | J7: ='Food and Beverage Team Member'!A8 -> K6 | K7: =VLOOKUP(J7,'Food and Beverage Team Member'!$A$3:$D$54,4,FALSE) -> Full | L7: =VLOOKUP(J7,'Food and Beverage Team Member'!$A$3:$F$54,6,FALSE) -> 0 | M7: ='Hospitality Acc Team Member'!A8 -> K6 | N7: =VLOOKUP(M7,'Hospitality Acc Team Member'!$A$3:$D$61,4,FALSE) -> Partial | O7: =VLOOKUP(M7,'Hospitality Acc Team Member'!$A$3:$F$61,6,FALSE) -> 0 | Q7: =N1 -> Hospitality Accomodation Team Member | R7: =COUNTIF($N:$O,R$2) -> 31 | S7: =COUNTIF($N:$O,S$2) -> 12 | T7: =COUNTIF($N:$O,T$2) -> 22 | U7: =COUNTIF($N:$O,U$2) -> 53 | V7: =SUM(R7:U7) -> 118
A8: ='Baker - Craft, Plant, Retail'!B9 -> K7 | B8: =VLOOKUP(A8,'Baker - Craft, Plant, Retail'!$B$3:$E$67,4,FALSE) -> Partial | C8: =VLOOKUP(A8,'Baker - Craft, Plant, Retail'!$B$3:$G$67,6,FALSE) -> 0 | D8: ='Commis Chef'!A9 -> K7 | E8: =VLOOKUP(D8,'Commis Chef'!$A$3:$D$82,4,FALSE) -> 0 | F8: =VLOOKUP(D8,'Commis Chef'!$A$3:$F$82,6,FALSE) -> 0 | G8: ='Production Chef'!A9 -> K7 | H8: =VLOOKUP(G8,'Production Chef'!$A$3:$D$59,4,FALSE) -> Full | I8: =VLOOKUP(G8,'Production Chef'!$A$3:$F$59,6,FALSE) -> 0 | J8: ='Food and Beverage Team Member'!A9 -> K7 | K8: =VLOOKUP(J8,'Food and Beverage Team Member'!$A$3:$D$54,4,FALSE) -> Full | L8: =VLOOKUP(J8,'Food and Beverage Team Member'!$A$3:$F$54,6,FALSE) -> 0 | M8: ='Hospitality Acc Team Member'!A9 -> K7 | N8: =VLOOKUP(M8,'Hospitality Acc Team Member'!$A$3:$D$61,4,FALSE) -> Not Covered | O8: =VLOOKUP(M8,'Hospitality Acc Team Member'!$A$3:$F$61,6,FALSE) -> 0
A9: ='Baker - Craft, Plant, Retail'!B10 -> K8 | B9: =VLOOKUP(A9,'Baker - Craft, Plant, Retail'!$B$3:$E$67,4,FALSE) -> Not Covered | C9: =VLOOKUP(A9,'Baker - Craft, Plant, Retail'!$B$3:$G$67,6,FALSE) -> 0 | D9: ='Commis Chef'!A10 -> K8 | E9: =VLOOKUP(D9,'Commis Chef'!$A$3:$D$82,4,FALSE) -> Partial | F9: =VLOOKUP(D9,'Commis Chef'!$A$3:$F$82,6,FALSE) -> 0 | G9: ='Production Chef'!A10 -> K8 | H9: =VLOOKUP(G9,'Production Chef'!$A$3:$D$59,4,FALSE) -> Full | I9: =VLOOKUP(G9,'Production Chef'!$A$3:$F$59,6,FALSE) -> 0 | J9: ='Food and Beverage Team Member'!A10 -> K8 | K9: =VLOOKUP(J9,'Food and Beverage Team Member'!$A$3:$D$54,4,FALSE) -> Full | L9: =VLOOKUP(J9,'Food and Beverage Team Member'!$A$3:$F$54,6,FALSE) -> 0 | M9: ='Hospitality Acc Team Member'!A10 -> K8 | N9: =VLOOKUP(M9,'Hospitality Acc Team Member'!$A$3:$D$61,4,FALSE) -> Full | O9: =VLOOKUP(M9,'Hospitality Acc Team Member'!$A$3:$F$61,6,FALSE) -> 0 | Q9: =Q2 -> Standards / Status | R9: =R2 -> Full | S9: =S2 -> Partial | T9: =T2 -> Not Covered | U9: =U2 -> 0 | V9: Total
A10: ='Baker - Craft, Plant, Retail'!B11 -> K9 | B10: =VLOOKUP(A10,'Baker - Craft, Plant, Retail'!$B$3:$E$67,4,FALSE) -> Not Covered | C10: =VLOOKUP(A10,'Baker - Craft, Plant, Retail'!$B$3:$G$67,6,FALSE) -> 0 | D10: ='Commis Chef'!A11 -> K9 | E10: =VLOOKUP(D10,'Commis Chef'!$A$3:$D$82,4,FALSE) -> 0 | F10: =VLOOKUP(D10,'Commis Chef'!$A$3:$F$82,6,FALSE) -> 0 | G10: ='Production Chef'!A11 -> K9 | H10: =VLOOKUP(G10,'Production Chef'!$A$3:$D$59,4,FALSE) -> Full | I10: =VLOOKUP(G10,'Production Chef'!$A$3:$F$59,6,FALSE) -> 0 | J10: ='Food and Beverage Team Member'!A11 -> K9 | K10: =VLOOKUP(J10,'Food and Beverage Team Member'!$A$3:$D$54,4,FALSE) -> Full | L10: =VLOOKUP(J10,'Food and Beverage Team Member'!$A$3:$F$54,6,FALSE) -> 0 | M10: ='Hospitality Acc Team Member'!A11 -> K9 | N10: =VLOOKUP(M10,'Hospitality Acc Team Member'!$A$3:$D$61,4,FALSE) -> Not Covered | O10: =VLOOKUP(M10,'Hospitality Acc Team Member'!$A$3:$F$61,6,FALSE) -> 0 | Q10: =Q3 -> Baker - Craft, Plant, Retail | R10: =IFERROR(R3/SUM($R3:$U3),0) -> 0.16923077 | S10: =IFERROR(S3/SUM($R3:$U3),0) -> 0.092307692 | T10: =IFERROR(T3/SUM($R3:$U3),0) -> 0.27692308 | U10: =IFERROR(U3/SUM($R3:$U3),0) -> 0.46153846 | V10: =SUM(R10:U10) -> 1
A11: ='Baker - Craft, Plant, Retail'!B12 -> K10 | B11: =VLOOKUP(A11,'Baker - Craft, Plant, Retail'!$B$3:$E$67,4,FALSE) -> Not Covered | C11: =VLOOKUP(A11,'Baker - Craft, Plant, Retail'!$B$3:$G$67,6,FALSE) -> 0 | D11: ='Commis Chef'!A12 -> K10 | E11: =VLOOKUP(D11,'Commis Chef'!$A$3:$D$82,4,FALSE) -> Partial | F11: =VLOOKUP(D11,'Commis Chef'!$A$3:$F$82,6,FALSE) -> 0 | G11: ='Production Chef'!A12 -> K10 | H11: =VLOOKUP(G11,'Production Chef'!$A$3:$D$59,4,FALSE) -> Partial | I11: =VLOOKUP(G11,'Production Chef'!$A$3:$F$59,6,FALSE) -> Full | J11: ='Food and Beverage Team Member'!A12 -> K10 | K11: =VLOOKUP(J11,'Food and Beverage Team Member'!$A$3:$D$54,4,FALSE) -> Partial | L11: =VLOOKUP(J11,'Food and Beverage Team Member'!$A$3:$F$54,6,FALSE) -> Full | M11: ='Hospitality Acc Team Member'!A12 -> K10 | N11: =VLOOKUP(M11,'Hospitality Acc Team Member'!$A$3:$D$61,4,FALSE) -> Full | O11: =VLOOKUP(M11,'Hospitality Acc Team Member'!$A$3:$F$61,6,FALSE) -> 0 | Q11: =Q4 -> Commis Chef | R11: =IFERROR(R4/SUM($R4:$U4),0) -> 0.19375 | S11: =IFERROR(S4/SUM($R4:$U4),0) -> 0.1125 | T11: =IFERROR(T4/SUM($R4:$U4),0) -> 0.0125 | U11: =IFERROR(U4/SUM($R4:$U4),0) -> 0.68125 | V11: =SUM(R11:U11) -> 1
A12: ='Baker - Craft, Plant, Retail'!B13 -> K11 | B12: =VLOOKUP(A12,'Baker - Craft, Plant, Retail'!$B$3:$E$67,4,FALSE) -> Partial | C12: =VLOOKUP(A12,'Baker - Craft, Plant, Retail'!$B$3:$G$67,6,FALSE) -> 0 | D12: ='Commis Chef'!A13 -> K11 | E12: =VLOOKUP(D12,'Commis Chef'!$A$3:$D$82,4,FALSE) -> 0 | F12: =VLOOKUP(D12,'Commis Chef'!$A$3:$F$82,6,FALSE) -> 0 | G12: ='Production Chef'!A13 -> K11 | H12: =VLOOKUP(G12,'Production Chef'!$A$3:$D$59,4,FALSE) -> Full | I12: =VLOOKUP(G12,'Production Chef'!$A$3:$F$59,6,FALSE) -> 0 | J12: ='Food and Beverage Team Member'!A13 -> K11 | K12: =VLOOKUP(J12,'Food and Beverage Team Member'!$A$3:$D$54,4,FALSE) -> Full | L12: =VLOOKUP(J12,'Food and Beverage Team Member'!$A$3:$F$54,6,FALSE) -> 0 | M12: ='Hospitality Acc Team Member'!A13 -> K11 | N12: =VLOOKUP(M12,'Hospitality Acc Team Member'!$A$3:$D$61,4,FALSE) -> Full | O12: =VLOOKUP(M12,'Hospitality Acc Team Member'!$A$3:$F$61,6,FALSE) -> 0 | Q12: =Q5 -> Production Chef | R12: =IFERROR(R5/SUM($R5:$U5),0) -> 0.26315789 | S12: =IFERROR(S5/SUM($R5:$U5),0) -> 0.078947368 | T12: =IFERROR(T5/SUM($R5:$U5),0) -> 0.19298246 | U12: =IFERROR(U5/SUM($R5:$U5),0) -> 0.46491228 | V12: =SUM(R12:U12) -> 1
A13: ='Baker - Craft, Plant, Retail'!B14 -> K12 | B13: =VLOOKUP(A13,'Baker - Craft, Plant, Retail'!$B$3:$E$67,4,FALSE) -> Full | C13: =VLOOKUP(A13,'Baker - Craft, Plant, Retail'!$B$3:$G$67,6,FALSE) -> 0 | D13: ='Commis Chef'!A14 -> K12 | E13: =VLOOKUP(D13,'Commis Chef'!$A$3:$D$82,4,FALSE) -> 0 | F13: =VLOOKUP(D13,'Commis Chef'!$A$3:$F$82,6,FALSE) -> 0 | G13: ='Production Chef'!A14 -> K12 | H13: =VLOOKUP(G13,'Production Chef'!$A$3:$D$59,4,FALSE) -> Full | I13: =VLOOKUP(G13,'Production Chef'!$A$3:$F$59,6,FALSE) -> 0 | J13: ='Food and Beverage Team Member'!A14 -> K12 | K13: =VLOOKUP(J13,'Food and Beverage Team Member'!$A$3:$D$54,4,FALSE) -> Full | L13: =VLOOKUP(J13,'Food and Beverage Team Member'!$A$3:$F$54,6,FALSE) -> 0 | M13: ='Hospitality Acc Team Member'!A14 -> K12 | N13: =VLOOKUP(M13,'Hospitality Acc Team Member'!$A$3:$D$61,4,FALSE) -> Partial | O13: =VLOOKUP(M13,'Hospitality Acc Team Member'!$A$3:$F$61,6,FALSE) -> 0 | Q13: =Q6 -> Food and Beverage Team Member | R13: =IFERROR(R6/SUM($R6:$U6),0) -> 0.35576923 | S13: =IFERROR(S6/SUM($R6:$U6),0) -> 0.067307692 | T13: =IFERROR(T6/SUM($R6:$U6),0) -> 0.14423077 | U13: =IFERROR(U6/SUM($R6:$U6),0) -> 0.43269231 | V13: =SUM(R13:U13) -> 1
A14: ='Baker - Craft, Plant, Retail'!B15 -> K13 | B14: =VLOOKUP(A14,'Baker - Craft, Plant, Retail'!$B$3:$E$67,4,FALSE) -> Partial | C14: =VLOOKUP(A14,'Baker - Craft, Plant, Retail'!$B$3:$G$67,6,FALSE) -> 0 | D14: ='Commis Chef'!A15 -> K13 | E14: =VLOOKUP(D14,'Commis Chef'!$A$3:$D$82,4,FALSE) -> Partial | F14: =VLOOKUP(D14,'Commis Chef'!$A$3:$F$82,6,FALSE) -> 0 | G14: ='Production Chef'!A15 -> K13 | H14: =VLOOKUP(G14,'Production Chef'!$A$3:$D$59,4,FALSE) -> Full | I14: =VLOOKUP(G14,'Production Chef'!$A$3:$F$59,6,FALSE) -> 0 | J14: ='Food and Beverage Team Member'!A15 -> K13 | K14: =VLOOKUP(J14,'Food and Beverage Team Member'!$A$3:$D$54,4,FALSE) -> Full | L14: =VLOOKUP(J14,'Food and Beverage Team Member'!$A$3:$F$54,6,FALSE) -> 0 | M14: ='Hospitality Acc Team Member'!A15 -> K13 | N14: =VLOOKUP(M14,'Hospitality Acc Team Member'!$A$3:$D$61,4,FALSE) -> Full | O14: =VLOOKUP(M14,'Hospitality Acc Team Member'!$A$3:$F$61,6,FALSE) -> 0 | Q14: =Q7 -> Hospitality Accomodation Team Member | R14: =IFERROR(R7/SUM($R7:$U7),0) -> 0.26271186 | S14: =IFERROR(S7/SUM($R7:$U7),0) -> 0.10169492 | T14: =IFERROR(T7/SUM($R7:$U7),0) -> 0.18644068 | U14: =IFERROR(U7/SUM($R7:$U7),0) -> 0.44915254 | V14: =SUM(R14:U14) -> 1
A15: ='Baker - Craft, Plant, Retail'!B16 -> K14 | B15: =VLOOKUP(A15,'Baker - Craft, Plant, Retail'!$B$3:$E$67,4,FALSE) -> Partial | C15: =VLOOKUP(A15,'Baker - Craft, Plant, Retail'!$B$3:$G$67,6,FALSE) -> 0 | D15: ='Commis Chef'!A16 -> K14 | E15: =VLOOKUP(D15,'Commis Chef'!$A$3:$D$82,4,FALSE) -> Partial | F15: =VLOOKUP(D15,'Commis Chef'!$A$3:$F$82,6,FALSE) -> 0 | G15: ='Production Chef'!A16 -> K14 | H15: =VLOOKUP(G15,'Production Chef'!$A$3:$D$59,4,FALSE) -> Not Covered | I15: =VLOOKUP(G15,'Production Chef'!$A$3:$F$59,6,FALSE) -> 0 | J15: ='Food and Beverage Team Member'!A16 -> K14 | K15: =VLOOKUP(J15,'Food and Beverage Team Member'!$A$3:$D$54,4,FALSE) -> Not Covered | L15: =VLOOKUP(J15,'Food and Beverage Team Member'!$A$3:$F$54,6,FALSE) -> 0 | M15: ='Hospitality Acc Team Member'!A16 -> K14 | N15: =VLOOKUP(M15,'Hospitality Acc Team Member'!$A$3:$D$61,4,FALSE) -> Partial | O15: =VLOOKUP(M15,'Hospitality Acc Team Member'!$A$3:$F$61,6,FALSE) -> 0
A16: ='Baker - Craft, Plant, Retail'!B17 -> K15 | B16: =VLOOKUP(A16,'Baker - Craft, Plant, Retail'!$B$3:$E$67,4,FALSE) -> Not Covered | C16: =VLOOKUP(A16,'Baker - Craft, Plant, Retail'!$B$3:$G$67,6,FALSE) -> 0 | D16: ='Commis Chef'!A17 -> K15 | E16: =VLOOKUP(D16,'Commis Chef'!$A$3:$D$82,4,FALSE) -> 0 | F16: =VLOOKUP(D16,'Commis Chef'!$A$3:$F$82,6,FALSE) -> 0 | G16: ='Production Chef'!A17 -> K15 | H16: =VLOOKUP(G16,'Production Chef'!$A$3:$D$59,4,FALSE) -> Full | I16: =VLOOKUP(G16,'Production Chef'!$A$3:$F$59,6,FALSE) -> 0 | J16: ='Food and Beverage Team Member'!A17 -> K15 | K16: =VLOOKUP(J16,'Food and Beverage Team Member'!$A$3:$D$54,4,FALSE) -> Full | L16: =VLOOKUP(J16,'Food and Beverage Team Member'!$A$3:$F$54,6,FALSE) -> 0 | M16: ='Hospitality Acc Team Member'!A17 -> K15 | N16: =VLOOKUP(M16,'Hospitality Acc Team Member'!$A$3:$D$61,4,FALSE) -> Not Covered | O16: =VLOOKUP(M16,'Hospitality Acc Team Member'!$A$3:$F$61,6,FALSE) -> 0
A17: ='Baker - Craft, Plant, Retail'!B18 -> K16 | B17: =VLOOKUP(A17,'Baker - Craft, Plant, Retail'!$B$3:$E$67,4,FALSE) -> Not Covered | C17: =VLOOKUP(A17,'Baker - Craft, Plant, Retail'!$B$3:$G$67,6,FALSE) -> 0 | D17: ='Commis Chef'!A18 -> K16 | E17: =VLOOKUP(D17,'Commis Chef'!$A$3:$D$82,4,FALSE) -> 0 | F17: =VLOOKUP(D17,'Commis Chef'!$A$3:$F$82,6,FALSE) -> 0 | G17: ='Production Chef'!A18 -> K16 | H17: =VLOOKUP(G17,'Production Chef'!$A$3:$D$59,4,FALSE) -> Full | I17: =VLOOKUP(G17,'Production Chef'!$A$3:$F$59,6,FALSE) -> 0 | J17: ='Food and Beverage Team Member'!A18 -> K16 | K17: =VLOOKUP(J17,'Food and Beverage Team Member'!$A$3:$D$54,4,FALSE) -> Full | L17: =VLOOKUP(J17,'Food and Beverage Team Member'!$A$3:$F$54,6,FALSE) -> 0 | M17: ='Hospitality Acc Team Member'!A18 -> K16 | N17: =VLOOKUP(M17,'Hospitality Acc Team Member'!$A$3:$D$61,4,FALSE) -> Not Covered | O17: =VLOOKUP(M17,'Hospitality Acc Team Member'!$A$3:$F$61,6,FALSE) -> 0
A18: ='Baker - Craft, Plant, Retail'!B19 -> K17 | B18: =VLOOKUP(A18,'Baker - Craft, Plant, Retail'!$B$3:$E$67,4,FALSE) -> Full | C18: =VLOOKUP(A18,'Baker - Craft, Plant, Retail'!$B$3:$G$67,6,FALSE) -> 0 | D18: ='Commis Chef'!A19 -> K17 | E18: =VLOOKUP(D18,'Commis Chef'!$A$3:$D$82,4,FALSE) -> Full | F18: =VLOOKUP(D18,'Commis Chef'!$A$3:$F$82,6,FALSE) -> 0 | G18: ='Production Chef'!A19 -> K17 | H18: =VLOOKUP(G18,'Production Chef'!$A$3:$D$59,4,FALSE) -> Not Covered | I18: =VLOOKUP(G18,'Production Chef'!$A$3:$F$59,6,FALSE) -> 0 | J18: ='Food and Beverage Team Member'!A19 -> K17 | K18: =VLOOKUP(J18,'Food and Beverage Team Member'!$A$3:$D$54,4,FALSE) -> Not Covered | L18: =VLOOKUP(J18,'Food and Beverage Team Member'!$A$3:$F$54,6,FALSE) -> 0 | M18: ='Hospitality Acc Team Member'!A19 -> K17 | N18: =VLOOKUP(M18,'Hospitality Acc Team Member'!$A$3:$D$61,4,FALSE) -> Full | O18: =VLOOKUP(M18,'Hospitality Acc Team Member'!$A$3:$F$61,6,FALSE) -> 0
A19: ='Baker - Craft, Plant, Retail'!B20 -> K18 | B19: =VLOOKUP(A19,'Baker - Craft, Plant, Retail'!$B$3:$E$67,4,FALSE) -> Full | C19: =VLOOKUP(A19,'Baker - Craft, Plant, Retail'!$B$3:$G$67,6,FALSE) -> 0 | D19: ='Commis Chef'!A20 -> K18 | E19: =VLOOKUP(D19,'Commis Chef'!$A$3:$D$82,4,FALSE) -> 0 | F19: =VLOOKUP(D19,'Commis Chef'!$A$3:$F$82,6,FALSE) -> 0 | G19: ='Production Chef'!A20 -> K18 | H19: =VLOOKUP(G19,'Production Chef'!$A$3:$D$59,4,FALSE) -> Full | I19: =VLOOKUP(G19,'Production Chef'!$A$3:$F$59,6,FALSE) -> 0 | J19: ='Food and Beverage Team Member'!A20 -> K18 | K19: =VLOOKUP(J19,'Food and Beverage Team Member'!$A$3:$D$54,4,FALSE) -> Not Covered | L19: =VLOOKUP(J19,'Food and Beverage Team Member'!$A$3:$F$54,6,FALSE) -> 0 | M19: ='Hospitality Acc Team Member'!A20 -> K18 | N19: =VLOOKUP(M19,'Hospitality Acc Team Member'!$A$3:$D$61,4,FALSE) -> Partial | O19: =VLOOKUP(M19,'Hospitality Acc Team Member'!$A$3:$F$61,6,FALSE) -> 0
A20: ='Baker - Craft, Plant, Retail'!B21 -> K19 | B20: =VLOOKUP(A20,'Baker - Craft, Plant, Retail'!$B$3:$E$67,4,FALSE) -> Not Covered | C20: =VLOOKUP(A20,'Baker - Craft, Plant, Retail'!$B$3:$G$67,6,FALSE) -> 0 | D20: ='Commis Chef'!A21 -> K19 | E20: =VLOOKUP(D20,'Commis Chef'!$A$3:$D$82,4,FALSE) -> Partial | F20: =VLOOKUP(D20,'Commis Chef'!$A$3:$F$82,6,FALSE) -> 0 | G20: ='Production Chef'!A21 -> K19 | H20: =VLOOKUP(G20,'Production Chef'!$A$3:$D$59,4,FALSE) -> Partial | I20: =VLOOKUP(G20,'Production Chef'!$A$3:$F$59,6,FALSE) -> 0 | J20: ='Food and Beverage Team Member'!A21 -> K19 | K20: =VLOOKUP(J20,'Food and Beverage Team Member'!$A$3:$D$54,4,FALSE) -> Not Covered | L20: =VLOOKUP(J20,'Food and Beverage Team Member'!$A$3:$F$54,6,FALSE) -> 0 | M20: ='Hospitality Acc Team Member'!A21 -> K19 | N20: =VLOOKUP(M20,'Hospitality Acc Team Member'!$A$3:$D$61,4,FALSE) -> Full | O20: =VLOOKUP(M20,'Hospitality Acc Team Member'!$A$3:$F$61,6,FALSE) -> 0
A21: ='Baker - Craft, Plant, Retail'!B22 -> K20 | B21: =VLOOKUP(A21,'Baker - Craft, Plant, Retail'!$B$3:$E$67,4,FALSE) -> Not Covered | C21: =VLOOKUP(A21,'Baker - Craft, Plant, Retail'!$B$3:$G$67,6,FALSE) -> 0 | D21: ='Commis Chef'!A22 -> K20 | E21: =VLOOKUP(D21,'Commis Chef'!$A$3:$D$82,4,FALSE) -> 0 | F21: =VLOOKUP(D21,'Commis Chef'!$A$3:$F$82,6,FALSE) -> 0 | G21: ='Production Chef'!A22 -> K20 | H21: =VLOOKUP(G21,'Production Chef'!$A$3:$D$59,4,FALSE) -> Not Covered | I21: =VLOOKUP(G21,'Production Chef'!$A$3:$F$59,6,FALSE) -> 0 | J21: ='Food and Beverage Team Member'!A22 -> K20 | K21: =VLOOKUP(J21,'Food and Beverage Team Member'!$A$3:$D$54,4,FALSE) -> Full | L21: =VLOOKUP(J21,'Food and Beverage Team Member'!$A$3:$F$54,6,FALSE) -> 0 | M21: ='Hospitality Acc Team Member'!A22 -> K20 | N21: =VLOOKUP(M21,'Hospitality Acc Team Member'!$A$3:$D$61,4,FALSE) -> Full | O21: =VLOOKUP(M21,'Hospitality Acc Team Member'!$A$3:$F$61,6,FALSE) -> 0
A22: ='Baker - Craft, Plant, Retail'!B23 -> K21 | B22: =VLOOKUP(A22,'Baker - Craft, Plant, Retail'!$B$3:$E$67,4,FALSE) -> Not Covered | C22: =VLOOKUP(A22,'Baker - Craft, Plant, Retail'!$B$3:$G$67,6,FALSE) -> 0 | D22: ='Commis Chef'!A23 -> K21 | E22: =VLOOKUP(D22,'Commis Chef'!$A$3:$D$82,4,FALSE) -> 0 | F22: =VLOOKUP(D22,'Commis Chef'!$A$3:$F$82,6,FALSE) -> 0 | G22: ='Production Chef'!A23 -> K21 | H22: =VLOOKUP(G22,'Production Chef'!$A$3:$D$59,4,FALSE) -> Full | I22: =VLOOKUP(G22,'Production Chef'!$A$3:$F$59,6,FALSE) -> 0 | J22: ='Food and Beverage Team Member'!A23 -> K21 | K22: =VLOOKUP(J22,'Food and Beverage Team Member'!$A$3:$D$54,4,FALSE) -> Full | L22: =VLOOKUP(J22,'Food and Beverage Team Member'!$A$3:$F$54,6,FALSE) -> 0 | M22: ='Hospitality Acc Team Member'!A23 -> K21 | N22: =VLOOKUP(M22,'Hospitality Acc Team Member'!$A$3:$D$61,4,FALSE) -> Not Covered | O22: =VLOOKUP(M22,'Hospitality Acc Team Member'!$A$3:$F$61,6,FALSE) -> 0
A23: ='Baker - Craft, Plant, Retail'!B24 -> K22 | B23: =VLOOKUP(A23,'Baker - Craft, Plant, Retail'!$B$3:$E$67,4,FALSE) -> Not Covered | C23: =VLOOKUP(A23,'Baker - Craft, Plant, Retail'!$B$3:$G$67,6,FALSE) -> 0 | D23: ='Commis Chef'!A24 -> K22 | E23: =VLOOKUP(D23,'Commis Chef'!$A$3:$D$82,4,FALSE) -> 0 | F23: =VLOOKUP(D23,'Commis Chef'!$A$3:$F$82,6,FALSE) -> 0 | G23: ='Production Chef'!A24 -> K22 | H23: =VLOOKUP(G23,'Production Chef'!$A$3:$D$59,4,FALSE) -> Full | I23: =VLOOKUP(G23,'Production Chef'!$A$3:$F$59,6,FALSE) -> 0 | J23: ='Food and Beverage Team Member'!A24 -> K22 | K23: =VLOOKUP(J23,'Food and Beverage Team Member'!$A$3:$D$54,4,FALSE) -> Partial | L23: =VLOOKUP(J23,'Food and Beverage Team Member'!$A$3:$F$54,6,FALSE) -> 0 | M23: ='Hospitality Acc Team Member'!A24 -> K22 | N23: =VLOOKUP(M23,'Hospitality Acc Team Member'!$A$3:$D$61,4,FALSE) -> Not Covered | O23: =VLOOKUP(M23,'Hospitality Acc Team Member'!$A$3:$F$61,6,FALSE) -> 0
A24: ='Baker - Craft, Plant, Retail'!B25 -> K23 | B24: =VLOOKUP(A24,'Baker - Craft, Plant, Retail'!$B$3:$E$67,4,FALSE) -> Not Covered | C24: =VLOOKUP(A24,'Baker - Craft, Plant, Retail'!$B$3:$G$67,6,FALSE) -> 0 | D24: ='Commis Chef'!A25 -> K23 | E24: =VLOOKUP(D24,'Commis Chef'!$A$3:$D$82,4,FALSE) -> 0 | F24: =VLOOKUP(D24,'Commis Chef'!$A$3:$F$82,6,FALSE) -> 0 | G24: ='Production Chef'!A25 -> K23 | H24: =VLOOKUP(G24,'Production Chef'!$A$3:$D$59,4,FALSE) -> Full | I24: =VLOOKUP(G24,'Production Chef'!$A$3:$F$59,6,FALSE) -> 0 | J24: ='Food and Beverage Team Member'!A25 -> K23 | K24: =VLOOKUP(J24,'Food and Beverage Team Member'!$A$3:$D$54,4,FALSE) -> Full | L24: =VLOOKUP(J24,'Food and Beverage Team Member'!$A$3:$F$54,6,FALSE) -> 0 | M24: ='Hospitality Acc Team Member'!A25 -> K23 | N24: =VLOOKUP(M24,'Hospitality Acc Team Member'!$A$3:$D$61,4,FALSE) -> Full | O24: =VLOOKUP(M24,'Hospitality Acc Team Member'!$A$3:$F$61,6,FALSE) -> 0
A25: ='Baker - Craft, Plant, Retail'!B26 -> K24 | B25: =VLOOKUP(A25,'Baker - Craft, Plant, Retail'!$B$3:$E$67,4,FALSE) -> Not Covered | C25: =VLOOKUP(A25,'Baker - Craft, Plant, Retail'!$B$3:$G$67,6,FALSE) -> 0 | D25: ='Commis Chef'!A26 -> K24 | E25: =VLOOKUP(D25,'Commis Chef'!$A$3:$D$82,4,FALSE) -> 0 | F25: =VLOOKUP(D25,'Commis Chef'!$A$3:$F$82,6,FALSE) -> 0 | G25: ='Production Chef'!A26 -> K24 | H25: =VLOOKUP(G25,'Production Chef'!$A$3:$D$59,4,FALSE) -> Not Covered | I25: =VLOOKUP(G25,'Production Chef'!$A$3:$F$59,6,FALSE) -> 0 | J25: ='Food and Beverage Team Member'!A26 -> K24 | K25: =VLOOKUP(J25,'Food and Beverage Team Member'!$A$3:$D$54,4,FALSE) -> Not Covered | L25: =VLOOKUP(J25,'Food and Beverage Team Member'!$A$3:$F$54,6,FALSE) -> 0 | M25: ='Hospitality Acc Team Member'!A26 -> K24 | N25: =VLOOKUP(M25,'Hospitality Acc Team Member'!$A$3:$D$61,4,FALSE) -> Not Covered | O25: =VLOOKUP(M25,'Hospitality Acc Team Member'!$A$3:$F$61,6,FALSE) -> 0
A26: ='Baker - Craft, Plant, Retail'!B27 -> K25 | B26: =VLOOKUP(A26,'Baker - Craft, Plant, Retail'!$B$3:$E$67,4,FALSE) -> Not Covered | C26: =VLOOKUP(A26,'Baker - Craft, Plant, Retail'!$B$3:$G$67,6,FALSE) -> 0 | D26: ='Commis Chef'!A27 -> K25 | E26: =VLOOKUP(D26,'Commis Chef'!$A$3:$D$82,4,FALSE) -> Full | F26: =VLOOKUP(D26,'Commis Chef'!$A$3:$F$82,6,FALSE) -> 0 | G26: ='Production Chef'!A27 -> K25 | H26: =VLOOKUP(G26,'Production Chef'!$A$3:$D$59,4,FALSE) -> Not Covered | I26: =VLOOKUP(G26,'Production Chef'!$A$3:$F$59,6,FALSE) -> 0 | J26: ='Food and Beverage Team Member'!A27 -> K25 | K26: =VLOOKUP(J26,'Food and Beverage Team Member'!$A$3:$D$54,4,FALSE) -> Partial | L26: =VLOOKUP(J26,'Food and Beverage Team Member'!$A$3:$F$54,6,FALSE) -> 0 | M26: ='Hospitality Acc Team Member'!A27 -> K25 | N26: =VLOOKUP(M26,'Hospitality Acc Team Member'!$A$3:$D$61,4,FALSE) -> Not Covered | O26: =VLOOKUP(M26,'Hospitality Acc Team Member'!$A$3:$F$61,6,FALSE) -> 0
... A53: ='Baker - Craft, Plant, Retail'!B54 -> S21 | B53: =VLOOKUP(A53,'Baker - Craft, Plant, Retail'!$B$3:$E$67,4,FALSE) -> Full | C53: =VLOOKUP(A53,'Baker - Craft, Plant, Retail'!$B$3:$G$67,6,FALSE) -> 0 | D53: ='Commis Chef'!A54 -> S15 | E53: =VLOOKUP(D53,'Commis Chef'!$A$3:$D$82,4,FALSE) -> Partial | F53: =VLOOKUP(D53,'Commis Chef'!$A$3:$F$82,6,FALSE) -> 0 | G53: ='Production Chef'!A54 -> S23 | H53: =VLOOKUP(G53,'Production Chef'!$A$3:$D$59,4,FALSE) -> Not Covered | I53: =VLOOKUP(G53,'Production Chef'!$A$3:$F$59,6,FALSE) -> 0 | J53: ='Food and Beverage Team Member'!A54 -> B6 | K53: =VLOOKUP(J53,'Food and Beverage Team Member'!$A$3:$D$54,4,FALSE) -> Not Covered | L53: =VLOOKUP(J53,'Food and Beverage Team Member'!$A$3:$F$54,6,FALSE) -> 0 | M53: ='Hospitality Acc Team Member'!A54 -> S24 | N53: =VLOOKUP(M53,'Hospitality Acc Team Member'!$A$3:$D$61,4,FALSE) -> Full | O53: =VLOOKUP(M53,'Hospitality Acc Team Member'!$A$3:$F$61,6,FALSE) -> 0
A54: ='Baker - Craft, Plant, Retail'!B55 -> S22 | B54: =VLOOKUP(A54,'Baker - Craft, Plant, Retail'!$B$3:$E$67,4,FALSE) -> Not Covered | C54: =VLOOKUP(A54,'Baker - Craft, Plant, Retail'!$B$3:$G$67,6,FALSE) -> 0 | D54: ='Commis Chef'!A55 -> S16 | E54: =VLOOKUP(D54,'Commis Chef'!$A$3:$D$82,4,FALSE) -> Partial | F54: =VLOOKUP(D54,'Commis Chef'!$A$3:$F$82,6,FALSE) -> 0 | G54: ='Production Chef'!A55 -> S24 | H54: =VLOOKUP(G54,'Production Chef'!$A$3:$D$59,4,FALSE) -> Partial | I54: =VLOOKUP(G54,'Production Chef'!$A$3:$F$59,6,FALSE) -> 0 | M54: ='Hospitality Acc Team Member'!A55 -> S25 | N54: =VLOOKUP(M54,'Hospitality Acc Team Member'!$A$3:$D$61,4,FALSE) -> Not Covered | O54: =VLOOKUP(M54,'Hospitality Acc Team Member'!$A$3:$F$61,6,FALSE) -> 0
A55: ='Baker - Craft, Plant, Retail'!B56 -> S23 | B55: =VLOOKUP(A55,'Baker - Craft, Plant, Retail'!$B$3:$E$67,4,FALSE) -> Not Covered | C55: =VLOOKUP(A55,'Baker - Craft, Plant, Retail'!$B$3:$G$67,6,FALSE) -> 0 | D55: ='Commis Chef'!A56 -> S17 | E55: =VLOOKUP(D55,'Commis Chef'!$A$3:$D$82,4,FALSE) -> 0 | F55: =VLOOKUP(D55,'Commis Chef'!$A$3:$F$82,6,FALSE) -> 0 | G55: ='Production Chef'!A56 -> B1 | H55: =VLOOKUP(G55,'Production Chef'!$A$3:$D$59,4,FALSE) -> Full | I55: =VLOOKUP(G55,'Production Chef'!$A$3:$F$59,6,FALSE) -> Full | M55: ='Hospitality Acc Team Member'!A56 -> B1 | N55: =VLOOKUP(M55,'Hospitality Acc Team Member'!$A$3:$D$61,4,FALSE) -> Not Covered | O55: =VLOOKUP(M55,'Hospitality Acc Team Member'!$A$3:$F$61,6,FALSE) -> 0
A56: ='Baker - Craft, Plant, Retail'!B57 -> S24 | B56: =VLOOKUP(A56,'Baker - Craft, Plant, Retail'!$B$3:$E$67,4,FALSE) -> Not Covered | C56: =VLOOKUP(A56,'Baker - Craft, Plant, Retail'!$B$3:$G$67,6,FALSE) -> 0 | D56: ='Commis Chef'!A57 -> S18 | E56: =VLOOKUP(D56,'Commis Chef'!$A$3:$D$82,4,FALSE) -> 0 | F56: =VLOOKUP(D56,'Commis Chef'!$A$3:$F$82,6,FALSE) -> 0 | G56: ='Production Chef'!A57 -> B2 | H56: =VLOOKUP(G56,'Production Chef'!$A$3:$D$59,4,FALSE) -> Not Covered | I56: =VLOOKUP(G56,'Production Chef'!$A$3:$F$59,6,FALSE) -> 0 | M56: ='Hospitality Acc Team Member'!A57 -> B2 | N56: =VLOOKUP(M56,'Hospitality Acc Team Member'!$A$3:$D$61,4,FALSE) -> Not Covered | O56: =VLOOKUP(M56,'Hospitality Acc Team Member'!$A$3:$F$61,6,FALSE) -> 0
A57: ='Baker - Craft, Plant, Retail'!B58 -> S25 | B57: =VLOOKUP(A57,'Baker - Craft, Plant, Retail'!$B$3:$E$67,4,FALSE) -> Not Covered | C57: =VLOOKUP(A57,'Baker - Craft, Plant, Retail'!$B$3:$G$67,6,FALSE) -> 0 | D57: ='Commis Chef'!A58 -> S19 | E57: =VLOOKUP(D57,'Commis Chef'!$A$3:$D$82,4,FALSE) -> 0 | F57: =VLOOKUP(D57,'Commis Chef'!$A$3:$F$82,6,FALSE) -> 0 | G57: ='Production Chef'!A58 -> B3 | H57: =VLOOKUP(G57,'Production Chef'!$A$3:$D$59,4,FALSE) -> Partial | I57: =VLOOKUP(G57,'Production Chef'!$A$3:$F$59,6,FALSE) -> Partial | M57: ='Hospitality Acc Team Member'!A58 -> B3 | N57: =VLOOKUP(M57,'Hospitality Acc Team Member'!$A$3:$D$61,4,FALSE) -> Full | O57: =VLOOKUP(M57,'Hospitality Acc Team Member'!$A$3:$F$61,6,FALSE) -> Full
A58: ='Baker - Craft, Plant, Retail'!B59 -> S26 | B58: =VLOOKUP(A58,'Baker - Craft, Plant, Retail'!$B$3:$E$67,4,FALSE) -> Not Covered | C58: =VLOOKUP(A58,'Baker - Craft, Plant, Retail'!$B$3:$G$67,6,FALSE) -> 0 | D58: ='Commis Chef'!A59 -> S20 | E58: =VLOOKUP(D58,'Commis Chef'!$A$3:$D$82,4,FALSE) -> 0 | F58: =VLOOKUP(D58,'Commis Chef'!$A$3:$F$82,6,FALSE) -> 0 | G58: ='Production Chef'!A59 -> B4 | H58: =VLOOKUP(G58,'Production Chef'!$A$3:$D$59,4,FALSE) -> Full | I58: =VLOOKUP(G58,'Production Chef'!$A$3:$F$59,6,FALSE) -> 0 | M58: ='Hospitality Acc Team Member'!A59 -> B4 | N58: =VLOOKUP(M58,'Hospitality Acc Team Member'!$A$3:$D$61,4,FALSE) -> Full | O58: =VLOOKUP(M58,'Hospitality Acc Team Member'!$A$3:$F$61,6,FALSE) -> Full
A59: ='Baker - Craft, Plant, Retail'!B60 -> S27 | B59: =VLOOKUP(A59,'Baker - Craft, Plant, Retail'!$B$3:$E$67,4,FALSE) -> Partial | C59: =VLOOKUP(A59,'Baker - Craft, Plant, Retail'!$B$3:$G$67,6,FALSE) -> 0 | D59: ='Commis Chef'!A60 -> S21 | E59: =VLOOKUP(D59,'Commis Chef'!$A$3:$D$82,4,FALSE) -> Partial | F59: =VLOOKUP(D59,'Commis Chef'!$A$3:$F$82,6,FALSE) -> 0 | M59: ='Hospitality Acc Team Member'!A60 -> B5 | N59: =VLOOKUP(M59,'Hospitality Acc Team Member'!$A$3:$D$61,4,FALSE) -> Full | O59: =VLOOKUP(M59,'Hospitality Acc Team Member'!$A$3:$F$61,6,FALSE) -> Full
A60: ='Baker - Craft, Plant, Retail'!B61 -> S28 | B60: =VLOOKUP(A60,'Baker - Craft, Plant, Retail'!$B$3:$E$67,4,FALSE) -> Not Covered | C60: =VLOOKUP(A60,'Baker - Craft, Plant, Retail'!$B$3:$G$67,6,FALSE) -> 0 | D60: ='Commis Chef'!A61 -> S22 | E60: =VLOOKUP(D60,'Commis Chef'!$A$3:$D$82,4,FALSE) -> 0 | F60: =VLOOKUP(D60,'Commis Chef'!$A$3:$F$82,6,FALSE) -> 0 | M60: ='Hospitality Acc Team Member'!A61 -> B6 | N60: =VLOOKUP(M60,'Hospitality Acc Team Member'!$A$3:$D$61,4,FALSE) -> Not Covered | O60: =VLOOKUP(M60,'Hospitality Acc Team Member'!$A$3:$F$61,6,FALSE) -> 0
A61: ='Baker - Craft, Plant, Retail'!B62 -> B1 | B61: =VLOOKUP(A61,'Baker - Craft, Plant, Retail'!$B$3:$E$67,4,FALSE) -> Full | C61: =VLOOKUP(A61,'Baker - Craft, Plant, Retail'!$B$3:$G$67,6,FALSE) -> 0 | D61: ='Commis Chef'!A62 -> S23 | E61: =VLOOKUP(D61,'Commis Chef'!$A$3:$D$82,4,FALSE) -> 0 | F61: =VLOOKUP(D61,'Commis Chef'!$A$3:$F$82,6,FALSE) -> 0
A62: ='Baker - Craft, Plant, Retail'!B63 -> B2 | B62: =VLOOKUP(A62,'Baker - Craft, Plant, Retail'!$B$3:$E$67,4,FALSE) -> Full | C62: =VLOOKUP(A62,'Baker - Craft, Plant, Retail'!$B$3:$G$67,6,FALSE) -> Full | D62: ='Commis Chef'!A63 -> S24 | E62: =VLOOKUP(D62,'Commis Chef'!$A$3:$D$82,4,FALSE) -> 0 | F62: =VLOOKUP(D62,'Commis Chef'!$A$3:$F$82,6,FALSE) -> 0
A63: ='Baker - Craft, Plant, Retail'!B64 -> B3 | B63: =VLOOKUP(A63,'Baker - Craft, Plant, Retail'!$B$3:$E$67,4,FALSE) -> Full | C63: =VLOOKUP(A63,'Baker - Craft, Plant, Retail'!$B$3:$G$67,6,FALSE) -> Full | D63: ='Commis Chef'!A64 -> S25 | E63: =VLOOKUP(D63,'Commis Chef'!$A$3:$D$82,4,FALSE) -> 0 | F63: =VLOOKUP(D63,'Commis Chef'!$A$3:$F$82,6,FALSE) -> 0
A64: ='Baker - Craft, Plant, Retail'!B65 -> B4 | B64: =VLOOKUP(A64,'Baker - Craft, Plant, Retail'!$B$3:$E$67,4,FALSE) -> Full | C64: =VLOOKUP(A64,'Baker - Craft, Plant, Retail'!$B$3:$G$67,6,FALSE) -> Full | D64: ='Commis Chef'!A65 -> S26 | E64: =VLOOKUP(D64,'Commis Chef'!$A$3:$D$82,4,FALSE) -> Full | F64: =VLOOKUP(D64,'Commis Chef'!$A$3:$F$82,6,FALSE) -> 0
A65: ='Baker - Craft, Plant, Retail'!B66 -> B5 | B65: =VLOOKUP(A65,'Baker - Craft, Plant, Retail'!$B$3:$E$67,4,FALSE) -> Not Covered | C65: =VLOOKUP(A65,'Baker - Craft, Plant, Retail'!$B$3:$G$67,6,FALSE) -> 0 | D65: ='Commis Chef'!A66 -> S27 | E65: =VLOOKUP(D65,'Commis Chef'!$A$3:$D$82,4,FALSE) -> Partial | F65: =VLOOKUP(D65,'Commis Chef'!$A$3:$F$82,6,FALSE) -> 0
A66: ='Baker - Craft, Plant, Retail'!B67 -> B6 | B66: =VLOOKUP(A66,'Baker - Craft, Plant, Retail'!$B$3:$E$67,4,FALSE) -> Not Covered | C66: =VLOOKUP(A66,'Baker - Craft, Plant, Retail'!$B$3:$G$67,6,FALSE) -> 0 | D66: ='Commis Chef'!A67 -> S28 | E66: =VLOOKUP(D66,'Commis Chef'!$A$3:$D$82,4,FALSE) -> Full | F66: =VLOOKUP(D66,'Commis Chef'!$A$3:$F$82,6,FALSE) -> 0
D67: ='Commis Chef'!A68 -> S29 | E67: =VLOOKUP(D67,'Commis Chef'!$A$3:$D$82,4,FALSE) -> Full | F67: =VLOOKUP(D67,'Commis Chef'!$A$3:$F$82,6,FALSE) -> 0
D68: ='Commis Chef'!A69 -> S30 | E68: =VLOOKUP(D68,'Commis Chef'!$A$3:$D$82,4,FALSE) -> Full | F68: =VLOOKUP(D68,'Commis Chef'!$A$3:$F$82,6,FALSE) -> 0
D69: ='Commis Chef'!A70 -> S31 | E69: =VLOOKUP(D69,'Commis Chef'!$A$3:$D$82,4,FALSE) -> Full | F69: =VLOOKUP(D69,'Commis Chef'!$A$3:$F$82,6,FALSE) -> 0
D70: ='Commis Chef'!A71 -> S32 | E70: =VLOOKUP(D70,'Commis Chef'!$A$3:$D$82,4,FALSE) -> Full | F70: =VLOOKUP(D70,'Commis Chef'!$A$3:$F$82,6,FALSE) -> 0
D71: ='Commis Chef'!A72 -> S33 | E71: =VLOOKUP(D71,'Commis Chef'!$A$3:$D$82,4,FALSE) -> Full | F71: =VLOOKUP(D71,'Commis Chef'!$A$3:$F$82,6,FALSE) -> 0
D72: ='Commis Chef'!A73 -> S34 | E72: =VLOOKUP(D72,'Commis Chef'!$A$3:$D$82,4,FALSE) -> Full | F72: =VLOOKUP(D72,'Commis Chef'!$A$3:$F$82,6,FALSE) -> 0
D73: ='Commis Chef'!A74 -> S35 | E73: =VLOOKUP(D73,'Commis Chef'!$A$3:$D$82,4,FALSE) -> Full | F73: =VLOOKUP(D73,'Commis Chef'!$A$3:$F$82,6,FALSE) -> Full
D74: ='Commis Chef'!A75 -> S36 | E74: =VLOOKUP(D74,'Commis Chef'!$A$3:$D$82,4,FALSE) -> Full | F74: =VLOOKUP(D74,'Commis Chef'!$A$3:$F$82,6,FALSE) -> 0
D75: ='Commis Chef'!A76 -> S37 | E75: =VLOOKUP(D75,'Commis Chef'!$A$3:$D$82,4,FALSE) -> Not Covered | F75: =VLOOKUP(D75,'Commis Chef'!$A$3:$F$82,6,FALSE) -> 0
D76: ='Commis Chef'!A77 -> S38 | E76: =VLOOKUP(D76,'Commis Chef'!$A$3:$D$82,4,FALSE) -> Not Covered | F76: =VLOOKUP(D76,'Commis Chef'!$A$3:$F$82,6,FALSE) -> 0
D77: ='Commis Chef'!A78 -> B1 | E77: =VLOOKUP(D77,'Commis Chef'!$A$3:$D$82,4,FALSE) -> Full | F77: =VLOOKUP(D77,'Commis Chef'!$A$3:$F$82,6,FALSE) -> 0
D78: ='Commis Chef'!A79 -> B2 | E78: =VLOOKUP(D78,'Commis Chef'!$A$3:$D$82,4,FALSE) -> Full | F78: =VLOOKUP(D78,'Commis Chef'!$A$3:$F$82,6,FALSE) -> 0
... D81: ='Commis Chef'!A82 -> B5 | E81: =VLOOKUP(D81,'Commis Chef'!$A$3:$D$82,4,FALSE) -> Full | F81: =VLOOKUP(D81,'Commis Chef'!$A$3:$F$82,6,FALSE) -> 0

Sheet Baker - Craft, Plant, Retail
A1: Standard: Baker - Craft Baker (OCC0191A), Plant Baker (OCC0191B), Retail Baker (OCC0191C)
A2: Option | B2: KSB Statement | D2: Learning Outcome (LO) | E2: Coverage | F2: Learning Outcome (LO) | G2: Coverage
A3: All | B3: K1 | C3: The bakery sector: size and structure, types of customers, seasonal impact on bakery product demand. How and why production methods have evolved, current and emerging bakery technology and digitalisation: equipment and processes, reference sources and management information systems. | E3: Not Covered
A4: All | B4: K2 | C4: Consumer requirements and current trends; impact on the bakery industry. | E4: Not Covered
A5: All | B5: K3 | C5: Baking theory: mixing, proving, retarding, resting, baking, cooling; their function and how they affect product quality. | E5: Not Covered
A6: All | B6: K4 | C6: Basic recipe formulation. | D6: LO2 | E6: Partial
A7: All | B7: K5 | C7: Bakery methods and processes: weighing, mixing, dividing, proving, shaping, scaling, blocking or forming, baking, fry-off, pre-bake, cooling and finishing; requirements and purpose. | D7: LO2 | E7: Partial
A8: All | B8: K6 | C8: Bakery equipment: different types of mixers, processing equipment, ovens, hotplates, knifes, packaging, labelling; their application, cleaning and operational checks requirements. | E8: Not Covered
A9: All | B9: K7 | C9: Main bakery ingredients: flour, yeast, salt, sugar, fats, improvers, water, eggs; their origins, properties, nutritional value, purposes and uses, grades and quality, how they interact, storage, handling and transport. | D9: LO2 | E9: Partial
A10: All | B10: K8 | C10: Principles of making dough: changes in physical properties during processing, types of dough for different products; bulk fermentation and no time doughs (Chorleywood bread process). | E10: Not Covered
A11: All | B11: K9 | C11: Finished baked products requirements: packaging, labelling, storage, handling and transportation. | E11: Not Covered
A12: All | B12: K10 | C12: Maximising product yield efficiency and waste minimisation. | E12: Not Covered
A13: All | B13: K11 | C13: Bakery legislation, regulations and requirements: Food Safety, Allergen control, Hazard Analysis Critical Control Points (HACCP), labelling, acrylamide, bakery-related asthmagens (powders), flour dust. | D13: LO1 | E13: Partial
A14: All | B14: K12 | C14: Health and Safety at Work Act 1974; Control of Substances Hazardous to Health, Risk assessments and method statements, manual handling, Personal Protective Equipment (PPE) and standard operating procedures. | D14: LO1 | E14: Full
A15: All | B15: K13 | C15: Environmental: Environmental Protection Act 1990, sustainable and responsible use of resources and recycling. | D15: LO4 | E15: Partial
A16: All | B16: K14 | C16: Hygiene procedures: personal hygiene standards and bakery hygiene. | D16: LO1 | E16: Partial
A17: All | B17: K15 | C17: Common baking faults and issues; problem solving. | E17: Not Covered
A18: All | B18: K16 | C18: Quality assurance and monitoring of processes. | E18: Not Covered
A19: All | B19: K17 | C19: Verbal and non-verbal communication techniques. | D19: LO5 | E19: Full
A20: All | B20: K18 | C20: Documentation requirements; compliance records. | D20: LO1 | E20: Full
A21: All | B21: K19 | C21: Equality and diversity in the workplace. | E21: Not Covered
A22: Craft Baker | B22: K20 | C22: Different types of pastry: sweet, savoury. | E22: Not Covered
A23: Craft Baker | B23: K21 | C23: Raising agents used in confectionery: baking power, bicarbonate of soda, egg, egg white. | E23: Not Covered
A24: Craft Baker | B24: K22 | C24: Aeration techniques – mechanical, natural and chemical. | E24: Not Covered
A25: Craft Baker | B25: K23 | C25: Principles of lamination. | E25: Not Covered
A26: Plant Baker | B26: K24 | C26: Large scale production principles. Uniformity and consistency to drive consumer satisfaction. | E26: Not Covered
A27: Plant Baker | B27: K25 | C27: Automated and mechanical processing methods. | E27: Not Covered
A28: Plant Baker | B28: K26 | C28: Audit requirements. | E28: Not Covered
A29: Plant Baker | B29: K27 | C29: Ingredient management and batch processing in large scale production. | E29: Not Covered
A30: Retail Baker | B30: K28 | C30: Display requirements: plans, hot spots, relationship between sales and space, stock levels, height, rotation, replenishment. | E30: Not Covered
A31: Retail Baker | B31: K29 | C31: Customer service techniques; complaints process. | D31: LO7 | E31: Full
A32: Retail Baker | B32: K30 | C32: Selling techniques: matching products to customers’ needs, up-selling. | E32: Not Covered
A33: Retail Baker | B33: K31 | C33: Product knowledge: suitability, complementary items. | E33: Not Covered
A34: All | B34: S1 | C34: Read and interpret information for example, specification, recipe and production plan. | E34: Not Covered
A35: All | B35: S2 | C35: Plan bakery tasks. | E35: Not Covered
A36: All | B36: S3 | C36: Prepare for bakery tasks. Obtain materials. | D36: LO2 | E36: Full
A37: All | B37: S4 | C37: Prepare ingredients. | D37: LO2 | E37: Full
A38: All | B38: S5 | C38: Weigh or check weight of ingredients/products. | D38: LO2 | E38: Full
A39: All | B39: S6 | C39: Mix ingredients. | D39: LO2 | E39: Full
A40: All | B40: S7 | C40: Deposit, scale, or cut or divide mixture. | E40: Not Covered
A41: All | B41: S8 | C41: Mould products. | E41: Not Covered
A42: All | B42: S9 | C42: Monitor prove. | E42: Not Covered
A43: All | B43: S10 | C43: Pre-bake and/or post-bake dressing of product. | E43: Not Covered
A44: All | B44: S11 | C44: Select, prepare or set-up and use equipment and machinery. | D44: LO6 | E44: Full
A45: All | B45: S12 | C45: Operate ovens. | D45: LO2 | E45: Partial | F45: LO6 | G45: Partial
A46: All | B46: S13 | C46: Clean and check tools and equipment. | D46: LO6 | E46: Full
A47: All | B47: S14 | C47: Monitor materials or stock levels and controls for example, first in first out, temperature and environment. | D47: LO4 | E47: Full
A48: All | B48: S15 | C48: Receive and store materials or stock from external suppliers and/or internal stores. | D48: LO4 | E48: Partial
A49: All | B49: S16 | C49: Store finished goods. | D49: LO4 | E49: Full
A50: All | B50: S17 | C50: Package and label bakery products for example, allergens. | E50: Not Covered
A51: All | B51: S18 | C51: Comply with health & safety, food safety, environmental procedures, PPE, hygiene and method statements. | D51: LO1 | E51: Full
A52: All | B52: S19 | C52: Clean and tidy work area. Dispose of waste and recycle. | D52: LO1 | E52: Partial | F52: LO4 | G52: Partial
A53: All | B53: S20 | C53: Communicate verbally for example, with colleagues, suppliers and customers. | D53: LO5 | E53: Full
A54: All | B54: S21 | C54: Record information - paper based or electronic. | D54: LO7 | E54: Full
A55: All | B55: S22 | C55: Identify bakery product problems or faults and underlying causes. | E55: Not Covered
A56: Craft Baker | B56: S23 | C56: Craft baker. Scale up or down a recipe using percentages. | E56: Not Covered
A57: Craft Baker | B57: S24 | C57: Craft baker. Prepare and apply fillings or coatings. | E57: Not Covered
A58: Plant Baker | B58: S25 | C58: Plant baker. Follow product changeover procedures. | E58: Not Covered
A59: Plant Baker | B59: S26 | C59: Plant baker. Check product specifications throughout the key process steps; identify and rectify or report production issues. | E59: Not Covered
A60: Retail Baker | B60: S27 | C60: Retail baker. Serve customers for example, determine customer’s needs, provide information, offer options and match bakery products to customers’ needs. Sell to customers for example, promote complementary items, promotional offers or seasonal products. | D60: LO7 | E60: Partial
A61: Retail Baker | B61: S28 | C61: Retail baker. Display and replenish bakery products. | E61: Not Covered
A62: All | B62: B1 | C62: Prioritises health and safety and food safety. | D62: LO1 | E62: Full
A63: All | B63: B2 | C63: Takes ownership of work. For example, completes allocated tasks, seeks help if required. | D63: LO2 | E63: Full | F63: LO4 | G63: Full
A64: All | B64: B3 | C64: Consumer or customer focus. For example, strives to meet their needs. | D64: LO3 | E64: Full | F64: LO7 | G64: Full
A65: All | B65: B4 | C65: Adaptable. For example, responds positively to changing demands or new technology. | D65: LO5 | E65: Full | F65: LO6 | G65: Full
A66: All | B66: B5 | C66: Team worker. For example, polite, keeps others informed, helps colleagues, takes account of equality and diversity. | E66: Not Covered
A67: All | B67: B6 | C67: Seeks learning and development opportunities. | E67: Not Covered

Sheet Commis Chef
A1: Standard: Commis Chef (OCC0228)
B2: KSB Statement | C2: Learning Outcome (LO) | D2: Coverage | E2: Learning Outcome (LO) | F2: Coverage
A3: K1 | B3: Correct knife for task and how to use effectively and efficiently.
A4: K2 | B4: Quality indicators in and seasonality of ingredients.
A5: K3 | B5: Methods of weighing, measuring, and scaling. | C5: LO2 | D5: Full
A6: K4 | B6: Methods of preparing meat, offal, game, poultry, fish, and shellfish from whole; trim, de vein, portion, break down, bone, skin, fillet, shell.
A7: K5 | B7: Methods of preparing fruit and vegetables eg julienne or matchsticks, mirepoix or rough cut, macédoine or large dice, Brunoise or fine dice, paysanne or neat cuts, and jardinière or batons. | C7: LO2 | D7: Partial
A8: K6 | B8: Methods of preparing, cooking and finishing sauces; roux based , emulsified, stock, hot and cold sweet and savoury sauces including plant based and gluten free.
A9: K7 | B9: Methods of preparing, cooking and finishing pureed and cream soup, and stock based dishes.
A10: K8 | B10: Methods of preparing and cooking noodles and fresh or convenience pasta. | C10: LO2 | D10: Partial
A11: K9 | B11: Methods of preparing and cooking pulses and grains, including long and short grain rice.
A12: K10 | B12: Methods of preparing and cooking eggs or egg based dishes; batter, poached, boiled, fried, omelette, scrambled. | C12: LO2 | D12: Partial
A13: K11 | B13: Prepares, cooks and finishes leavened and unleavened dough products.
A14: K12 | B14: Methods of preparing, cooking, and finishing sweet and savoury pastry products using short, sweet, and choux.
A15: K13 | B15: Methods of preparing cooking and finishing scones, biscuits, sponge cakes, and non sponge cakes. | C15: LO2 | D15: Partial
A16: K14 | B16: Methods of preparing, producing, and finishing hot and cold desserts. | C16: LO2 | D16: Partial
A17: K15 | B17: Methods of stuffing, filling and pané across food types.
A18: K16 | B18: Techniques for preparation and cooking when using alternative ingredients eg plant based, gluten free.
A19: K17 | B19: Methods of reducing waste and improving sustainability by maximising the use of ingredients | C19: LO4 | D19: Full
A20: K18 | B20: Flavour ingredients using seasoning, spices, rubs and marinades.
A21: K19 | B21: Methods of sealing, grilling, deep frying, shallow frying, stir frying, sauté, braising, stewing, baking, roasting, boiling, and poaching across food types. | C21: LO2 | D21: Partial
A22: K20 | B22: Principles of seasoning and flavouring during cooking and finishing to create balanced dishes.
A23: K21 | B23: Principles of portioning, plating, finishing, garnishing and presenting individual dishes.
A24: K22 | B24: Principles of portion control and yield and how it impacts profitability and sustainability.
A25: K23 | B25: Quality indicators related to texture, flavour, and appearance of finished products.
A26: K24 | B26: Signs of common errors in production and how to rectify.
A27: K25 | B27: Principles of handling feedback and complaints, and identifying and raising issues . | C27: LO7 | D27: Full
A28: K26 | B28: Safe preparation, cleaning and efficient use of manual and electrical tools and specialist equipment. | C28: LO6 | D28: Partial
A29: K27 | B29: Methods to apply food safety and allergen procedures, including monitoring temperatures, during preparation, cooking, and holding.
A30: K28 | B30: Hygiene management techniques to maintain a safe clean work environment, including personal hygiene and PPE and uniform.
A31: K29 | B31: Health and safety legislation, regulations, guidelines and procedures relevant to own role. | C31: LO1 | D31: Full
A32: K30 | B32: Stock control methods and processes including storage and rotation that take environmental sustainability into account. | C32: LO4 | D32: Full
A33: K31 | B33: Methods to apply food safety and allergen procedures, including monitoring and recording food temperatures, on delivery and in storage. | C33: LO1 | D33: Full
A34: K32 | B34: Legislation and organisational policies relating to equity, diversity and inclusion in the workplace. | C34: LO5 | D34: Full
A35: K33 | B35: Techniques for maintaining good mental health and wellbeing, including asking for help with daily tasks. | C35: LO5 | D35: Full
A36: K34 | B36: Principles of professional communication and conduct with colleagues, manager and other stakeholders. | C36: LO5 | D36: Full
A37: K35 | B37: Principles of teamwork within and between teams and the impact on service delivery. | C37: LO3 | D37: Partial | E37: LO5 | F37: Full
A38: K36 | B38: Methods of planning own workload and prioritising tasks.
A39: K37 | B39: Methods for using feedback to improve own performance.
A40: S1 | B40: Selects correct knife for task.
A41: S2 | B41: Uses knives effectively and efficiently.
A42: S3 | B42: Selects ingredients of the right quality that support sustainability and seasonality. | C42: LO4 | D42: Full
A43: S4 | B43: Weighs, measures, and scales ingredients. | C43: LO2 | D43: Full
A44: S5 | B44: Cooks from fresh producing complete dishes.
A45: S6 | B45: Prepares, cooks, and finishes meat, offal, game, poultry, fish, and shellfish from whole; trim, de-vein, portion, break down, bone, skin, fillet, shell.
A46: S7 | B46: Prepares, cooks, and finishes fruit vegetables. | C46: LO2 | D46: Partial
A47: S8 | B47: Prepares, cooks, and finishes sauces. | C47: LO2 | D47: Full
A48: S9 | B48: Prepares, cooks and finishes pureed and cream soup and stock based dishes. | C48: LO2 | D48: Partial
A49: S10 | B49: Prepares and cooks noodles, and fresh or convenience pasta. | C49: LO2 | D49: Partial
A50: S11 | B50: Prepares and cooks pulses and grains, including long and short grain rice. | C50: LO2 | D50: Partial
A51: S12 | B51: Prepares, cooks and finishes eggs or egg based dishes. | C51: LO2 | D51: Full
A52: S13 | B52: Prepares, cooks and finishes leavened and unleavened dough products. | C52: LO2 | D52: Partial
A53: S14 | B53: Prepares, cooks and finishes sweet and savoury pastry products using short, sweet, and choux.
A54: S15 | B54: Prepares, cooks, and finishes scones, biscuits, sponge cakes, and non-sponge cakes. | C54: LO2 | D54: Partial
A55: S16 | B55: Prepares, produces, and finishes hot and cold desserts. | C55: LO2 | D55: Partial
A56: S17 | B56: Stuffs, fills and panés across food types.
A57: S18 | B57: Prepares and cooks dishes using alternative ingredients eg plant based, gluten free.
A58: S19 | B58: Prepares fresh ingredients, including from whole, using them across a menu to reduce waste and improve sustainability
A59: S20 | B59: Uses seasoning, spices, rubs, and marinades to flavour ingredients.
A60: S21 | B60: Sears, grills, deep fries, shallow fries, stir fries, sautés, braises, stews, bakes, roasts, boils, poaches across food types. | C60: LO2 | D60: Partial
A61: S22 | B61: Portions, plates, finishes, garnishes, and presents individual dishes.
A62: S23 | B62: Exercises portion control and acts to maximise yield.
A63: S24 | B63: Achieves intended quality in terms of texture, flavour, and appearance
A64: S25 | B64: Identifies and resolves errors during the production process.
A65: S26 | B65: Assists in the resolution of feedback, complaints, and issues. | C65: LO7 | D65: Full
A66: S27 | B66: Prepares, cleans and uses manual and electrical food-preparation and cooking equipment and machinery safely, correctly and efficiently. | C66: LO6 | D66: Partial
A67: S28 | B67: Applies food safety and allergen procedures, including monitoring temperatures, during preparation, cooking, and holding. | C67: LO1 | D67: Full
A68: S29 | B68: Selects and applies hygiene management techniques to maintain a safe clean work environment, including personal hygiene, PPE, and uniform. | C68: LO1 | D68: Full
A69: S30 | B69: Complies with health and safety legislation, regulations, guidelines and procedures. | C69: LO1 | D69: Full
A70: S31 | B70: Undertakes stock control, storage, and rotation. | C70: LO4 | D70: Full
A71: S32 | B71: Applies food safety and allergen procedures, and monitors and records food temperatures, on delivery and in storage. | C71: LO1 | D71: Full
A72: S33 | B72: Follows equity, diversity and inclusion legislation and organisational policies. | C72: LO5 | D72: Full
A73: S34 | B73: Uses techniques for maintaining good mental health and wellbeing to support self and others, including asking for and giving help with daily tasks. | C73: LO5 | D73: Full
A74: S35 | B74: Communicates with colleagues, manager and other stakeholders in a professional manner. | C74: LO3 | D74: Full | E74: LO5 | F74: Full
A75: S36 | B75: Works as part of a team to support service delivery. | C75: LO3 | D75: Full
A76: S37 | B76: Uses feedback to improve own performance. | D76: Not Covered
A77: S38 | B77: Manages own time to ensure tasks are completed. | D77: Not Covered
A78: B1 | B78: Advocates equality and respect, working positively with colleagues, managers and stakeholders. | C78: LO5 | D78: Full
A79: B2 | B79: Prioritises hygiene and safety in working practise. | C79: LO1 | D79: Full
A80: B3 | B80: Shows accuracy and attention to detail | C80: LO2 | D80: Full | E80: LO6 | F80: Full
A81: B4 | B81: Takes responsibility when completing individual and team tasks to expected standards, helping resolve operational issues that arise. | C81: LO4 | D81: Partial | E81: LO7 | F81: Full
A82: B5 | B82: Maintains a professional image and attitude that represents the values of the business. | C82: LO3 | D82: Full

Sheet Production Chef
A1: Standard: Production Chef (OCC0589)
B2: KSB Statement | C2: Learning Outcome (LO) | D2: Coverage | E2: Learning Outcome (LO) | F2: Coverage | G2: Learning Outcome (LO) | H2: Coverage
A3: K1 | B3: Methods of preparing and cooking pre-portioned fresh and frozen meat, fish, and poultry to business standards. | D3: Not Covered
A4: K2 | B4: Methods of preparing and cooking fresh and frozen fruit and vegetables to business standards. | D4: Not Covered
A5: K3 | B5: Methods of preparing salad vegetables to business standards. | C5: LO2 | D5: Full
A6: K4 | B6: Techniques for cooking dishes including poaching, simmering, steaming, boiling, braising, stewing, baking, grilling, and frying. | C6: LO2 | D6: Partial
A7: K5 | B7: Methods for regeneration of dried and frozen ingredients and dishes. | D7: Not Covered
A8: K6 | B8: Legislation and business standards for the storage of fresh, dried, tinned and frozen goods, following food safety procedures. | D8: Not Covered
A9: K7 | B9: Stock use and rotation methods that minimise waste. | C9: LO4 | D9: Full
A10: K8 | B10: Principles of professional and effective communication with colleagues, managers, and stakeholders. | C10: LO5 | D10: Full
A11: K9 | B11: Techniques for conflict resolution and handling difficult behaviours. | C11: LO5 | D11: Full
A12: K10 | B12: Principles of teamwork within and across departments and the impact on service delivery. | C12: LO3 | D12: Partial | E12: LO5 | F12: Full
A13: K11 | B13: Business specifications for the production, portioning and presenting of food. | C13: LO2 | D13: Full
A14: K12 | B14: Methods of planning own workload and prioritising tasks. | C14: LO5 | D14: Full
A15: K13 | B15: Professional standards including behaviour, appearance and timekeeping. | C15: LO7 | D15: Full
A16: K14 | B16: Techniques for maintaining good mental health and wellbeing, including asking for help with daily tasks. | D16: Not Covered
A17: K15 | B17: Methods for using feedback to improve own performance. | C17: LO7 | D17: Full
A18: K16 | B18: Procedures and techniques for preparing an area for service and closing down following service. | C18: LO7 | D18: Full
A19: K17 | B19: Proactive and reactive problem solving techniques and own level of authority when responding to challenges associated with routine and non-routine issues | D19: Not Covered
A20: K18 | B20: Prep and par levels needed to meet daily demand. | C20: LO4 | D20: Full
A21: K19 | B21: Functions, use, and preventative maintenance of manual and electrical tools, equipment and technology. | C21: LO6 | D21: Partial
A22: K20 | B22: Standard operating procedures for the safe and appropriate use of knives and boards. | D22: Not Covered
A23: K21 | B23: Company standards and relevant legislation on the management and monitoring of food temperatures and allergens during preparation, cooking, holding and serving. | C23: LO1 | D23: Full
A24: K22 | B24: Hygiene management techniques to maintain a safe, clean working environment for example COSHH, clean as you go, personal hygiene, and uniform. | C24: LO1 | D24: Full
A25: K23 | B25: Methods to sustainably reduce the waste of resources, including portion control, yield, and plate waste. | C25: LO4 | D25: Full
A26: K24 | B26: Characteristics of texture modification according to the International Dysphagia Diet Standardisation Initiative (IDDSI) framework. | D26: Not Covered
A27: K25 | B27: Adaptations needed to increase the calorific density of food for those following a fortified diet. | D27: Not Covered
A28: K26 | B28: Health and safety legislation, regulations, guidelines, and procedures relevant to own roles. | C28: LO1 | D28: Full
A29: K27 | B29: Legislation and organisational policies relating to equity, diversity, and inclusion in the workplace. | D29: Not Covered
A30: K28 | B30: Key performance indicators and own responsibility for contributing to them in terms of production, performance, and budget. | D30: Not Covered
A31: K29 | B31: Techniques, safety, and efficiency considerations for the use of manual and electrical food-preparation and cooking tools, equipment and technology. | C31: LO6 | D31: Partial
A32: S1 | B32: Prepare and cook pre-portioned fresh and frozen meat, fish, and poultry to business standards. | D32: Not Covered
A33: S2 | B33: Prepare and cook fresh and frozen fruit and vegetables to business standards. | D33: Not Covered
A34: S3 | B34: Prepare salad vegetables to business standards. | C34: LO2 | D34: Full
A35: S4 | B35: Cook poached, simmered, steamed, boiled, braised, stewed, baked, grilled, and fried dishes. | D35: Not Covered
A36: S5 | B36: Regenerate dried and frozen ingredients and dishes. | D36: Not Covered
A37: S6 | B37: Undertake stock control, storage, and rotation. | C37: LO4 | D37: Full
A38: S7 | B38: Communicate professionally with colleagues, line managers, stakeholders, and customers. | C38: LO3 | D38: Full | E38: LO5 | F38: Full | G38: LO7 | H38: Full
A39: S8 | B39: Work as part of a team to support service delivery. | C39: LO3 | D39: Partial
A40: S9 | B40: Follow specifications to produce, portion, and present food. | C40: LO2 | D40: Full
A41: S10 | B41: Manage own time to ensure allocated tasks are completed. | D41: Not Covered
A42: S11 | B42: Use techniques for maintaining good mental health and wellbeing to support self and others, including asking for and giving help with daily tasks. | C42: LO5 | D42: Full
A43: S12 | B43: Use feedback to improve own performance. | D43: Not Covered
A44: S13 | B44: Prepare and close down an area for service. | D44: Not Covered
A45: S14 | B45: Use problem solving techniques to resolve routine and non-routine issues within scope of own role. | D45: Not Covered
A46: S15 | B46: Maintain prep and par levels according to business need. | C46: LO4 | D46: Full
A47: S16 | B47: Clean and maintain manual and electrical food-preparation and cooking tools, equipment, and technology. | C47: LO6 | D47: Partial
A48: S17 | B48: Follow standard operating procedures to select and safely use appropriate knives and boards for the task, for example red handled knife and red board for raw meat. | D48: Not Covered
A49: S18 | B49: Monitor and record food temperatures and manage allergens during preparation, cooking, holding, and serving. | C49: LO1 | D49: Full
A50: S19 | B50: Apply hygiene management techniques to maintain a safe clean work environment, for example COSHH, personal hygiene, and uniform. | C50: LO1 | D50: Full
A51: S20 | B51: Reduce the waste of resources, acting to measure and reduce plate waste, exercise portion control, and maximise yield. | C51: LO4 | D51: Full
A52: S21 | B52: Comply with health and safety legislation, regulations, guidelines and procedures, including stress management. | C52: LO1 | D52: Full
A53: S22 | B53: Follow equity, diversity, and inclusion legislation and organisational policies. | C53: LO5 | D53: Full
A54: S23 | B54: Deliver to key performance indicators to support the production, performance, and budget within own area of responsibility. | D54: Not Covered
A55: S24 | B55: Use manual and electrical food-preparation and cooking tools, equipment, machinery, and technology. | C55: LO6 | D55: Partial
A56: B1 | B56: Prioritises hygiene and safety in working practise. | C56: LO1 | D56: Full | E56: LO2 | F56: Full | G56: LO6 | H56: Full
A57: B2 | B57: Takes responsibility when completing individual and team tasks to expected standards, helping resolve operational issues that arise. | D57: Not Covered
A58: B3 | B58: Maintains a professional image and attitude that represents the values of the business. | C58: LO3 | D58: Partial | E58: LO7 | F58: Partial
A59: B4 | B59: Advocates equality and respect, working positively with colleagues, managers and customers. | C59: LO5 | D59: Full

Sheet Food and Beverage Team Member
A1: Standard: Food and Beverage Team Member (OCC1488)
B2: KSB Statement | C2: Learning Outcome (LO) | D2: Coverage | E2: Learning Outcome (LO) | F2: Coverage | G2: Learning Outcome (LO) | H2: Coverage
A3: K1 | B3: Business standards for the service of food and beverages. | D3: Not Covered
A4: K2 | B4: Range of food and beverages, their price, and any pairings, deals or offers. | C4: LO3 | D4: Partial
A5: K3 | B5: Techniques to maximise sales and improve customer experience; cross selling, upselling. | D5: Not Covered
A6: K4 | B6: Methods of communication with customers and how to tailor communication to different situations and customer needs. | C6: LO3 | D6: Full | E6: LO7 | F6: Full
A7: K5 | B7: Methods for maintaining a hygienic, safe, and secure working environment. | C7: LO1 | D7: Full
A8: K6 | B8: Health and safety legislation, regulations, guidelines and procedures relevant to own role. | C8: LO1 | D8: Full
A9: K7 | B9: Food safety and allergen legislation and procedures applicable to own role. | C9: LO1 | D9: Full
A10: K8 | B10: Functions and procedures for safe and correct use of equipment and technology relevant to own role. | C10: LO6 | D10: Full
A11: K9 | B11: Processes for handling transactions and payments securely. | C11: LO7 | D11: Full
A12: K10 | B12: The importance of teamwork and the impact on service delivery. | C12: LO2 | D12: Partial | E12: LO5 | F12: Full
A13: K11 | B13: Company procedures for fixing or escalating equipment or technology faults and maintenance issues. Limits of own role. | C13: LO6 | D13: Full
A14: K12 | B14: Professional methods of communication, verbal, non-verbal, and written, between team members in a hospitality environment. | C14: LO5 | D14: Full
A15: K13 | B15: Methods of planning own workload and prioritising tasks. | C15: LO5 | D15: Full
A16: K14 | B16: Impact of full stock availability on the customer and the financial performance of the business. | D16: Not Covered
A17: K15 | B17: Principles of stock management and rotation; first in, first out. | C17: LO4 | D17: Full
A18: K16 | B18: Methods of dealing with or escalating feedback, complaints or issues that impact service and customer experience, to business standards. | C18: LO7 | D18: Full
A19: K17 | B19: Where to go to access information about new products and processes within the business. | D19: Not Covered
A20: K18 | B20: Principles of using feedback to maximise own performance. | D20: Not Covered
A21: K19 | B21: Professional standards including behaviour, appearance, timekeeping and efficient delivery of expected tasks. | D21: Not Covered
A22: K20 | B22: Methods to sustainably reduce the waste of resources, in line with business standards. | C22: LO4 | D22: Full
A23: K21 | B23: Legislation and principles relating to equity, diversity and inclusion in the workplace. | C23: LO5 | D23: Full
A24: K22 | B24: Customer types and how their specific needs and customer journeys differ. | C24: LO3 | D24: Partial
A25: K23 | B25: Responsibilities of a server under the Licensing Act. | C25: LO7 | D25: Full
A26: K24 | B26: Legislation related to weights and measures when serving alcohol. | D26: Not Covered
A27: K25 | B27: Food safety inspections, relevance to own role, and penalties for non-compliance with legislation. | C27: LO1 | D27: Partial
A28: K26 | B28: Different types of organisation that make up the wider hospitality industry. | D28: Not Covered
A29: S1 | B29: Serve food and beverages to individual business standards. | C29: LO7 | D29: Partial
A30: S2 | B30: Identify opportunities and apply techniques to increase sales and improve customer experience. | D30: Not Covered
A31: S3 | B31: Tailors communication techniques to meet customer needs and build rapport. | C31: LO3 | D31: Full | E31: LO7 | F31: Full
A32: S4 | B32: Maintain a safe, hygienic, and secure working environment. | C32: LO1 | D32: Full
A33: S5 | B33: Comply with health and safety legislation, regulations, guidelines and procedures. | C33: LO1 | D33: Full
A34: S6 | B34: Follow food safety and allergen legislation and procedures applicable to own role. | C34: LO1 | D34: Full
A35: S7 | B35: Use technology and equipment in line with business policy to meet customer needs. | C35: LO6 | D35: Full | E35: LO7 | F35: Full
A36: S8 | B36: Handle transactions and payments securely. | C36: LO7 | D36: Full
A37: S9 | B37: Work as part of a team to ensure that the products and services are delivered on time and in line with business needs | C37: LO5 | D37: Full
A38: S10 | B38: Deal with or escalate issues that impact service and customer experience, and implement any instructions given by supervisor. | C38: LO7 | D38: Full
A39: S11 | B39: Use professional methods of communication that are tailored to different situations, and individual and team needs. | C39: LO5 | D39: Full
A40: S12 | B40: Manages own time and workload, prioritising tasks. | C40: LO5 | D40: Full
A41: S13 | B41: Maintain and rotate stock according to life cycle and business processes. | C41: LO4 | D41: Full
A42: S14 | B42: Ensure equipment and technology faults and maintenance issues are reported promptly. | D42: Not Covered
A43: S15 | B43: Check customers are satisfied with products and services through questioning and act on feedback in line with business procedures. | C43: LO7 | D43: Partial
A44: S16 | B44: Keep up to date with changes to products and processes. | D44: Not Covered
A45: S17 | B45: Uses feedback to improve own performance. | D45: Not Covered
A46: S18 | B46: Reduces the waste of resources, taking sustainability into account, in line with business expectations. | C46: LO4 | D46: Full
A47: S19 | B47: Follows and supports equity, diversity and inclusion legislation and principles. | C47: LO5 | D47: Full
A48: S20 | B48: Participate in team briefings, implementing instructions, and offering input or feedback where relevant. | C48: LO5 | D48: Partial
A49: B1 | B49: Takes responsibility for own health, wellbeing and professional development, seeking support when appropriate. | D49: Not Covered
A50: B2 | B50: Commercially aware. | D50: Not Covered
A51: B3 | B51: Customer focused. | C51: LO3 | D51: Full | E51: LO7 | F51: Full
A52: B4 | B52: Be diligent in safe and hygienic working practices. | C52: LO1 | D52: Full | E52: LO4 | F52: Full | G52: LO6 | H52: Full
A53: B5 | B53: Be team focused, working collaboratively with colleagues and other professionals | C53: LO2 | D53: Full | E53: LO5 | F53: Full
A54: B6 | B54: Observe professional standards in own role eg time keeping and appearance. | D54: Not Covered

Sheet Hospitality Acc Team Member
A1: Standard: Hospitality Accomodation Team Member (OCC1420)
B2: KSB Statement | C2: Learning Outcome (LO) | D2: Coverage | E2: Learning Outcome (LO) | F2: Coverage | G2: Learning Outcome (LO) | H2: Coverage
A3: K1 | B3: Techniques and information for facilitating the guest journey during a stay, particularly when guests move between teams e.g. bar to restaurant or reception to room. | C3: LO7 | D3: Full
A4: K2 | B4: Techniques to maximise sales and improve guest experience; cross selling, upselling. supporting guest loyalty. | D4: Not Covered
A5: K3 | B5: Methods of communication with guests, how to make a personal connection, and how to tailor communication to different needs and situations. | C5: LO3` | D5: Partial | E5: LO7 | F5: Full
A6: K4 | B6: Principles of customer service, and service mentality, and how individuals impact guest satisfaction. | C6: LO7 | D6: Full
A7: K5 | B7: Principles of handling feedback complaints, and issues, including dispute de-escalation techniques. | C7: LO7 | D7: Partial
A8: K6 | B8: Legislation, guidelines, and local policies on guest privacy and safety e.g. data protection, child protection, modern slavery. | C8: LO5 | D8: Partial
A9: K7 | B9: Procedures for handling room keys and guest property, including lost property. | D9: Not Covered
A10: K8 | B10: Process for handling transactions and payments securely. | C10: LO7 | D10: Full
A11: K9 | B11: Different packages, allowances and process for implementing those packages and allowances, including payment if required. | D11: Not Covered
A12: K10 | B12: Central role of communication within and between teams in ensuring operational effectiveness and efficiency. | C12: LO5 | D12: Full
A13: K11 | B13: Process for reporting or recording faults, issues or damage, or escalating guest feedback. | C13: LO7 | D13: Full
A14: K12 | B14: Steps of food service eg set up, reset, touch points, sequence of service in line with business processes and standards. | C14: LO7 | D14: Partial
A15: K13 | B15: Food safety and allergen legislation and procedures including handling, labelling and temperature monitoring. | C15: LO1 | D15: Full
A16: K14 | B16: Responsibilities of a server under the licensing act and legislation related to weights and measures when serving alcohol. | C16: LO7 | D16: Partial
A17: K15 | B17: Safe and efficient use of on site specialist equipment and technology eg cleaning equipment, computer systems relevant to business. | D17: Not Covered
A18: K16 | B18: Sequence for cleaning guest accommodation and public areas in line with business processes and standards. | D18: Not Covered
A19: K17 | B19: Hygiene management techniques to maintain a safe, clean environment, including pest and virus control, following COSHH guidelines. | C19: LO1 | D19: Full
A20: K18 | B20: Methods for the safe and environmentally appropriate handling and disposal of waste including; food, broken dish or glassware, biohazards, controlled substances, chemicals, general waste. | C20: LO4 | D20: Partial
A21: K19 | B21: Stock management procedures across departments relevant to own role. | C21: LO4 | D21: Full
A22: K20 | B22: Health and safety legislation and local policies relevant to own role, including manual handling, fire safety, emergency evacuation, and lone working. | C22: LO1 | D22: Full
A23: K21 | B23: Key performance indicators and own responsibility for contributing to them in terms of efficiency, performance and profitability. | D23: Not Covered
A24: K22 | B24: How to use feedback from managers and team to improve own performance. | D24: Not Covered
A25: K23 | B25: Professional standards for uniform, personal hygiene and appearance in line with business expectations. | C25: LO7 | D25: Full
A26: K24 | B26: Procedures for staying up to date with business information and new procedures and discussing implementation in your team. | D26: Not Covered
A27: K25 | B27: Methods of planning own workload and prioritising tasks. | D27: Not Covered
A28: K26 | B28: Methods to sustainably reduce the waste of resources. | C28: LO4 | D28: Full
A29: K27 | B29: Procedures for starting and finishing a shift, including handover. | D29: Not Covered
A30: K28 | B30: Legislation and principles relating to equity, diversity and inclusion in the workplace. | C30: LO5 | D30: Full
A31: S1 | B31: Asks questions to support and direct the guest journey, and responds to, redirects, or escalates guest requests, taking opportunities to signpost other services eg dining, bar. | C31: LO3` | D31: Partial | E31: LO7 | F31: Partial
A32: S2 | B32: Identifies and acts on opportunities to increase sales and guest loyalty. | D32: Not Covered
A33: S3 | B33: Tailors communication to meet guest needs and build rapport. | C33: LO3` | D33: Full | E33: LO7 | F33: Full
A34: S4 | B34: Delivers customer service to business standards, checks that guests are satisfied with products or service, and acts on feedback. | C34: LO7 | D34: Partial
A35: S5 | B35: Assists in the resolution of feedback, complaints, and issues. | C35: LO7 | D35: Full
A36: S6 | B36: Handles room keys and guest property, including lost property, in line with business procedures | D36: Not Covered
A37: S7 | B37: Handles transactions and payments securely. | C37: LO7 | D37: Full
A38: S8 | B38: Applies packages and allowances to guest purchases, explains packages, allowances, and processes to guests, and takes payments if required. | D38: Not Covered
A39: S9 | B39: Communicates within and between teams to ensure operational effectiveness and efficiency. | C39: LO5 | D39: Full
A40: S10 | B40: Reports or records faults, issues or damage to e.g. equipment, rooms, and escalates guest feedback as appropriate. | D40: Not Covered
A41: S11 | B41: Follows steps of food service for relevant business e.g. set up, reset, touch points, sequence of service. | C41: LO7 | D41: Partial
A42: S12 | B42: Follows food safety and allergen legislation eg handling, labelling, and temperature monitoring. | C42: LO1 | D42: Full
A43: S13 | B43: Prepares and serves alcoholic and non-alcoholic beverages to business standards. | C43: LO2 | D43: Partial
A44: S14 | B44: Uses on site specialist equipment and technology relevant to business correctly and efficiently. | D44: Not Covered
A45: S15 | B45: Follows sequence for cleaning guest accommodation and public areas in line with business processes and standards for relevant business e.g. touch points, sequence of service. | D45: Not Covered
A46: S16 | B46: Selects and applies hygiene management techniques to maintain a safe, clean environment, including pest and virus control, following COSHH guidelines. | C46: LO1 | D46: Full
A47: S17 | B47: Handles and disposes of waste safely. | C47: LO4 | D47: Full
A48: S18 | B48: Manage stock across departments in line with local procedures relevant to own role. | C48: LO4 | D48: Full
A49: S19 | B49: Complies with health and safety legislation, regulations, security and safety guidelines and procedures, including manual handling, fire safety, emergency evacuation, and lone working. | C49: LO1 | D49: Full
A50: S20 | B50: Delivers to key performance indicators to support efficiency, performance and profitability within own area of responsibility. | D50: Not Covered
A51: S21 | B51: Uses feedback from managers and team to improve own performance and meet personal goals. | D51: Not Covered
A52: S22 | B52: Attends team briefings and implements instructions, offering input or feedback where relevant within team. | C52: LO5 | D52: Partial
A53: S23 | B53: Manages own time to ensure allocated tasks are completed. | C53: LO5 | D53: Full
A54: S24 | B54: Reduces the waste of resources, taking sustainability into account, in line with business expectations. | C54: LO4 | D54: Full
A55: S25 | B55: Follows equity, diversity and inclusion legislation and principles. | D55: Not Covered
A56: B1 | B56: Takes responsibility for own health, wellbeing and professional development, seeking support when appropriate. | D56: Not Covered
A57: B2 | B57: Commercially aware. | D57: Not Covered
A58: B3 | B58: Customer focused. | C58: LO3 | D58: Full | E58: LO7 | F58: Full
A59: B4 | B59: Be diligent in safe and hygienic working practices. | C59: LO1 | D59: Full | E59: LO4 | F59: Full | G59: LO6 | H59: Full
A60: B5 | B60: Be team focused, working collaboratively with colleagues and other professionals. | C60: LO2 | D60: Full | E60: LO5 | F60: Full
A61: B6 | B61: Observe professional standards in own role e.g. time keeping and appearance. | D61: Not Covered
